 Dungeon Crawl Stone Soup version 0.28-a0-1594-ga885d4b3d6 (webtiles) character file.

Game seed: 12738479651247836300

7294 gimp the Ogre Mage (level 11, -5/88 HPs)
             Began as an Ogre Hedge Wizard on Jan 20, 2022.
             Was a Follower of Vehumet.
             Killed from afar by a gargoyle (24 damage)
             ... with a stone arrow
             ... on level 10 of the Dungeon.
             The game lasted 00:41:29 (15983 turns).

gimp the Ogre Mage (Ogre Hedge Wizard)             Turns: 15983, Time: 00:41:29

Health: -5/88      AC:  9    Str: 16    XL:     11   Next: 13%
Magic:  20/26      EV:  9    Int: 19    God:    Vehumet [*.....]
Gold:   508        SH:  0    Dex:  8    Spells: 24/32 levels left

rFire   . . .      SeeInvis .   a - +0 dagger (venom)
rCold   + . .      Faith    .   (no shield)
rNeg    . . .      Spirit   .   m - +2 robe {Archmagi}
rPois   +          Reflect  .   f - +1 hat
rElec   .          Harm     .   r - +2 cloak
rCorr   .          Rampage  .   (gloves unavailable)
Will    +....      Archmagi +   (boots unavailable)
Stlth   +.........              (no amulet)
HPRegen 0.24/turn               e - ring of poison resistance
MPRegen 0.20/turn               B - ring of protection from cold

@: confused, ambrosia-drunk, very slightly contaminated
A: large, unfitting armour, tough skin 1
a: Renounce Religion


You were on level 10 of the Dungeon.
You worshipped Vehumet.
Vehumet was aware of your devotion.
You visited 2 branches of the dungeon, and saw 11 of its levels.

You collected 508 gold pieces.

Inventory:

Hand Weapons
 a - a +0 dagger of venom (weapon)
 c - the +3 flail of Mana {venom, rElec Will- Str+2 SInv}
   (You found it on level 8 of the Dungeon)

   It poisons the flesh of those it strikes.
   Str:       It affects your strength (+2).
   rElec:     It insulates you from electricity.
   SInv:      It lets you see invisible.
   Will:      It decreases your willpower.
 l - a +1 dagger of draining
Missiles
 d - 5 boomerangs
 n - 2 poisoned darts
 y - a throwing net
Armour
 f - a +1 hat (worn)
 m - a +2 robe of the Archmagi (worn)
 r - a +2 cloak (worn)
 t - a +0 robe of cold resistance
 A - +0 steam dragon scales
Magical Staves
 b - a staff of earth
Jewellery
 e - a ring of poison resistance (left hand)
 B - a ring of protection from cold (right hand)
Wands
 s - a wand of acid (7)
 x - a wand of iceblast (7)
 z - a wand of mindburst (13)
Scrolls
 g - 4 scrolls of fear
 j - a scroll of immolation
 k - 2 scrolls of enchant weapon
Potions
 h - 2 potions of resistance
 i - 2 potions of cancellation
 o - 2 potions of mutation
 p - a potion of invisibility {unknown}
 q - a potion of lignification
 u - a potion of curing
 v - a potion of might {unknown}
 C - a potion of brilliance {unknown}


   Skills:
 - Level 1.7 Dodging
 - Level 1.4 Stealth
 - Level 11.0 Spellcasting
 * Level 10.7 Conjurations
 - Level 2.0 Summonings
 - Level 0.8 Translocations
 + Level 4.5 Ice Magic
 - Level 3.0 Air Magic
 - Level 3.0 Poison Magic
 + Level 1.0 Evocations


You had 24 spell levels left.
You knew the following spells:

 Your Spells              Type           Power      Damage    Failure   Level
a - Magic Dart            Conj           100%       1d8       1%          1
b - Call Imp              Summ           27%        N/A       4%          2
c - Mephitic Cloud        Conj/Pois/Air  47%        N/A       1%          3
d - Freeze                Ice            100%       1d11      1%          1
e - Slow                  Hex            60%        N/A       7%          1

Your spell library contained the following spells:

 Spells                   Type           Power      Damage    Failure   Level
 Conjure Flame            Conj/Fire      46%        6-21      2%          3
 Sting                    Tmut/Pois      96%        1d7       3%          1
 Poisonous Vapours        Pois/Air       64%        N/A       3%          2
 Ensorcelled Hibernation  Hex/Ice        56%        N/A       4%          2
 Beastly Appendage        Tmut           30%        N/A       7%          1
 Blink                    Tloc           40%        N/A       7%          2
 Wereblood                Tmut           15%        N/A       10%         2
 Spider Form              Tmut/Pois      24%        N/A       11%         3
 Olgreb's Toxic Radiance  Pois           32%        N/A       19%         4
 Anguish                  Hex/Necr       7%         N/A       54%         4
 Cause Fear               Hex            7%         N/A       54%         4
 Leda's Liquefaction      Hex/Erth       7%         N/A       54%         4
 Lee's Rapid Deconstruct  Erth           7%         3d8*      88%         5
 Statue Form              Tmut/Erth      10%        N/A       100%        6
 Dragon Form              Tmut           7%         N/A       100%        7
 Ozocubu's Refrigeration  Ice            20%        4d9       100%        7
 Ignition                 Fire           7%         3d5       100%        8
 Dragon's Call            Summ           13%        N/A       100%        9


Dungeon Overview and Level Annotations

Branches:
Dungeon (10/15)            Temple (1/1) D:7
   Lair: D:8-11         Orc: D:9-12

Altars:
Ashenzari
Cheibriados
Dithmenos
Elyvilon
Fedhas
Gozag
Hepliaklqana
Kikubaaqudgha
Makhleb
Nemelex Xobeh
Okawaru
Qazlal
Ru
Sif Muna
Trog
Uskayaw
Vehumet
Wu Jian
Xom
Yredelemnul
Zin
The Shining One

Shops:
D:3 [

Annotations:
D:2 Natasha, Terence
D:5 Sigmund
D:7 1 runed translucent door, Crazy Yiuf
D:8 2 runed translucent doors, Gastronok; Pooter's ghost, novice OgHu


Innate Abilities, Weirdness & Mutations

You are too large for most types of armour.
You have tough skin. (AC +1)


Message History

You now have 19/26 mp.
Casting: Slow (safe; 7% risk of failure)
Confirm with . or Enter, or press ? or * to list all spells.
Aiming: Slow (safe; 7% risk of failure)
Press: ? - help, Shift-Dir - straight line, f/p - gargoyle
Aim: a gargoyle, wielding a +0 morningstar (almost destroyed, chance to affect: 37%)
You feel a surge of power!
You miscast Slow.
You are very lightly contaminated with residual magic.
Nothing appears to happen.
You now have 18/26 mp.
Casting: Slow (safe; 7% risk of failure)
Confirm with . or Enter, or press ? or * to list all spells.
Aiming: Slow (safe; 7% risk of failure)
Press: ? - help, Shift-Dir - straight line, f/p - gargoyle
Aim: a gargoyle, wielding a +0 morningstar (almost destroyed, chance to affect: 37%)
You feel a surge of power!
The gargoyle easily resists.
The gargoyle hurls a stone arrow at you.
The stone arrow misses you.
Casting: Slow (safe; 7% risk of failure)
Confirm with . or Enter, or press ? or * to list all spells.
You feel a surge of power!
A beastly little devil appears in a puff of frigid air.
You now have 16/26 mp.
Casting: Call Imp (safe; 4% risk of failure)
Confirm with . or Enter, or press ? or * to list all spells.
Aiming: Slow (safe; 7% risk of failure)
Press: ? - help, Shift-Dir - straight line, f/p - gargoyle
Aim: a gargoyle, wielding a +0 morningstar (almost destroyed, ally target, chance to affect: 37%)
You feel a surge of power!
The gargoyle easily resists.
The gargoyle hits you with a +0 morningstar!!
* * * LOW HITPOINT WARNING * * *
You take 25 damage, and have 14/88 hp.
MASSIVE DAMAGE!!
You now have 15/26 mp.
The gargoyle hits your white imp with a +0 morningstar!
Your white imp dies!
Your white imp disappears in a puff of smoke!
You are confused.
You feel invigorated.
The gargoyle hurls a stone arrow at you.
The stone arrow hits you!!
You die...

####.(....#.#
#...........#
............#
............# .
............# ..
............# ##..#
............# ##.....
..........§.####....... #.
.........@.9#......#.. ...
#................###.# ...
##.............#.###.##...
##..........#............
###......###.≈≈≈≈≈≈≈≈≈..
##.##..# #.≈.......≈.. ##
#.## #.≈.###.#.≈..
##.####.≈.#...#.≈.#
#..#.#..≈.#._.#.≈.#


You could see a gargoyle.

Vanquished Creatures
  A hydra (D:9)
  Erica (D:8)
  A two-headed ogre (D:9)
  An ugly thing (D:8)
  Prince Ribbit (D:5)
  2 shadows (D:9)
  A steam dragon (D:9)
  A water moccasin (D:9)
  5 ice beasts
  4 orc warriors
  A sky beast (D:6)
  3 centaurs
  5 bullfrogs
  A wyvern skeleton (D:4)
  A killer bee (D:9)
  17 wights
  4 howler monkeys
  A lava snake (D:8)
  3 centaur zombies (D:9)
  A hound (D:7)
  An orc priest (D:6)
  A bullfrog skeleton (D:6)
  An iguana (D:5)
  9 orc wizards
  A hound skeleton (D:5)
  A howler monkey zombie (D:9)
  A gnoll (D:2)
  2 adders
  2 white imps
  A worm (D:3)
  6 dart slugs
  32 orcs
  11 endoplasms
  5 giant cockroaches
  4 goblins
  6 hobgoblins
  4 jackals (D:1)
  4 quokkas
  12 ball pythons
  3 bats
  5 frilled lizards
  5 kobolds
  7 rats
179 creatures vanquished.

Vanquished Creatures (collateral kills)
  A manticore (D:9)
  A centaur zombie (D:7)
  A steam dragon (D:9)
  A water moccasin (D:8)
  An orc warrior (D:6)
  A sky beast (D:7)
  A kobold brigand (D:6)
  2 wights
  A howler monkey (D:7)
  An orc priest (D:4)
  A hound (D:4)
  3 gnolls (D:2)
  An adder (D:4)
  5 orcs
  3 kobolds (D:6)
24 creatures vanquished.

Grand Total: 203 creatures vanquished

Notes
Turn   | Place    | Note
-------+----------+-------------------------------------------
     0 | D:1      | gimp the Ogre Hedge Wizard began the quest for the Orb.
     0 | D:1      | Reached XP level 1. HP: 16/16 MP: 5/5
    32 | D:1      | Reached skill level 1 in Conjurations
    94 | D:1      | Reached skill level 1 in Summonings
   356 | D:1      | Reached XP level 2. HP: 24/24 MP: 1/6
   912 | D:1      | Reached XP level 3. HP: 31/31 MP: 4/8
  1026 | D:1      | Reached skill level 4 in Spellcasting
  1929 | D:2      | Noticed Natasha
  1934 | D:2      | Learned a level 2 spell: Call Imp
  1938 | D:2      | Learned a level 3 spell: Mephitic Cloud
  1948 | D:2      | Noticed Terence
  2050 | D:2      | Reached XP level 4. HP: 39/39 MP: 1/10
  2321 | D:3      | Found Maulur's Antique Armour Boutique.
  3545 | D:2      | Reached XP level 5. HP: 45/45 MP: 8/11
  5074 | D:4      | Reached skill level 5 in Spellcasting
  5074 | D:4      | Reached XP level 6. HP: 33/53 MP: 8/13
  5798 | D:5      | Entered Level 5 of the Dungeon
  5976 | D:5      | Noticed Prince Ribbit
  5981 | D:5      | Noticed Sigmund
  6192 | D:5      | Killed Prince Ribbit
  6193 | D:5      | Reached skill level 5 in Conjurations
  6193 | D:5      | Reached XP level 7. HP: 33/59 MP: 0/15
  6441 | D:5      | Reached skill level 6 in Spellcasting
  6756 | D:6      | Found a blossoming altar of Fedhas.
  6756 | D:6      | Found a radiant altar of Vehumet.
  6761 | D:6      | Became a worshipper of Vehumet
  6784 | D:6      | Noticed an eight-headed hydra
  7106 | D:7      | Reached skill level 7 in Spellcasting
  7106 | D:7      | Reached XP level 8. HP: 21/67 MP: 10/19
  7427 | D:7      | Reached skill level 8 in Spellcasting
  7756 | D:6      | Reached skill level 1 in Air Magic
  7756 | D:6      | Reached skill level 1 in Poison Magic
  8383 | D:7      | Reached XP level 9. HP: 74/74 MP: 15/21
  8425 | D:7      | Reached skill level 9 in Spellcasting
  8489 | D:7      | Reached * piety under Vehumet
  8489 | D:7      | Offered knowledge of Freeze by Vehumet.
  8932 | D:7      | Learned a level 1 spell: Freeze
  8961 | D:7      | Found an ancient bone altar of Kikubaaqudgha.
  8972 | D:7      | Found a staircase to the Ecumenical Temple.
  8978 | Temple   | Entered the Ecumenical Temple
  9494 | D:7      | Found a runed translucent door.
  9495 | D:7      | Noticed Crazy Yiuf
 10107 | D:8      | Noticed Erica
 10280 | D:8      | Found a large runed translucent door.
 10281 | D:8      | Found a large runed translucent door.
 10283 | D:8      | Noticed Pooter's ghost (novice OgHu)
 10779 | D:8      | Identified the +3 flail of Mana {venom, rElec Will- Str+2
                  | SInv}
 11168 | D:8      | Reached skill level 10 in Spellcasting
 11266 | D:8      | Noticed Gastronok
 12313 | D:9      | Reached XP level 10. HP: 13/77 MP: 12/24
 12847 | D:9      | Reached skill level 1 in Ice Magic
 12903 | D:9      | Noticed a four-headed hydra
 13574 | D:8      | Found a glowing silver altar of Zin.
 13594 | D:8      | Killed Erica
 13595 | D:8      | Reached skill level 11 in Spellcasting
 14056 | D:9      | Found a shimmering blue altar of Sif Muna.
 14165 | D:9      | Killed a four-headed hydra
 14506 | D:9      | Noticed a two-headed ogre
 14533 | D:9      | Killed a two-headed ogre
 14534 | D:9      | Reached skill level 10 in Conjurations
 15039 | D:9      | Noticed a brown ugly thing
 15043 | D:9      | Noticed a manticore
 15057 | D:8      | Killed a brown ugly thing
 15058 | D:8      | Reached XP level 11. HP: 15/88 MP: 12/26
 15587 | D:9      | Killed a manticore
 15588 | D:9      | Reached skill level 1 in Evocations
 15807 | D:9      | Found a broken altar of Ashenzari.
 15876 | D:10     | Entered Level 10 of the Dungeon
 15889 | D:10     | Found a hide-covered altar of Uskayaw.
 15950 | D:10     | Learned a level 1 spell: Slow
 15983 | D:10     | Killed from afar by a gargoyle

Illustrated notes

Levels and vault maps discovered:
D:1:      dpeg_arrival_chambers_temple_mockup, layout_basic
D:2:      layout_basic, uniq_natasha, uniq_terence
D:3:      layout_basic, serial_shops, shop
D:4:      layout_basic, minmay_diced_spiral
D:5:      layout_cave_pools, hangedman_decor_peaks_small, uniq_prince_ribbit1,
          uniq_sigmund, uniq_pikel
D:6:      layout_basic, gammafunk_temple_overflow_statue
D:7:      layout_basic, mainiacjoe_overflow_tiny_flanked,
          minmay_temple_entry_grid, uniq_crazy_yiuf_cottage
D:8:      layout_loops_ring, lemuel_coloured_pillars_altar,
          ebering_ghost_disaster_area, hangedman_abyss_or_decor_lesser_grid,
          kennysheep_generic_room_9, uniq_gastronok, uniq_erica
D:9:      minmay_opposing_rooms, layout_basic, mainiacjoe_overflow_chevrons,
          minmay_ruined_shrine
D:10:     layout_cave_pods, mainiacjoe_overflow_brackets, serial_shops,
          nicolae_shop_trees, nicolae_diamond_shop, uniq_psyche
Temple:   eino_temple_scatter_basement

Skill      XL: |  1  2  3  4  5  6  7  8  9 10 11 |
---------------+----------------------------------+-----
Conjurations   | 1 2 3 4 5 6 8 10 | 10.7
Summonings     | 1 2 |  2.0
Spellcasting   | 4 5 7 8 10 11 | 11.0
Air Magic      | 1 3 |  3.0
Poison Magic   | 1 3 |  3.0
Ice Magic      | 4 |  4.5
Evocations     | 1 |  1.0
Dodging        | |  1.7
Stealth        | |  1.4
Translocations | |  0.8

Action                   |  1- 3 |  4- 6 |  7- 9 | 10-12 || total
-------------------------+-------+-------+-------+-------++-------
Melee: Dagger            |    36 |    17 |    51 |    72 ||   176
       Punch             |     2 |     1 |       |     3 ||     6
 Cast: Magic Dart        |   106 |   172 |   328 |   152 ||   758
       Call Imp          |     2 |    19 |    58 |    21 ||   100
       Mephitic Cloud    |     1 |       |    16 |    17 ||    34
       Freeze            |       |       |    11 |     2 ||    13
       Slow              |       |       |       |     6 ||     6
Evoke: Wand              |       |       |     6 |     3 ||     9
  Use: Scroll            |       |    10 |     3 |     2 ||    15
       Potion            |       |       |     4 |     1 ||     5
 Stab: Confused          |     2 |       |     3 |     8 ||    13
Armor: Robe              |    16 |    28 |    95 |    94 ||   233
Dodge: Dodged            |    30 |    31 |   118 |    85 ||   264

Table legend: (Time is in decaauts)
 A = Elapsed time spent in this place.
 B = Non-inter-level travel time spent in this place.
 C = Inter-level travel time spent in this place.
 D = Time resting spent in this place.
 E = Time spent auto-exploring this place.
 F = Levels seen in this place.
 G = Mean time per level.
                   A        B        C        D        E       F      G
               +--------+--------+--------+--------+--------+-----+--------+
         Total |  15978 |  15381 |    597 |   1758 |  10136 |  11 | 1452.5 |
       Dungeon |  15772 |  15194 |    578 |   1758 |   9966 |  10 | 1577.2 |
        Temple |    205 |    186 |     19 |      0 |    170 |   1 |  205.0 |
               +--------+--------+--------+--------+--------+-----+--------+

Top non-repeatable levels by time:
     D:8: 3232 daAuts
     D:7: 2477 daAuts
     D:9: 2264 daAuts
     D:1: 1826 daAuts
     D:4: 1807 daAuts
     D:3: 1619 daAuts
     D:6: 1071 daAuts
     D:2: 962 daAuts
     D:5: 404 daAuts
  Temple: 205 daAuts
    D:10: 106 daAuts
